 Dungeon Crawl Stone Soup version 0.21.1-1-g345015f (webtiles) character file.

15 tidbits the Firebug (level 2, 1/20 HPs)
             Began as a Gnoll Fire Elementalist on Feb 6, 2018.
             Quit the game on level 2 of the Dungeon.
             The game lasted 00:02:52 (347 turns).

tidbits the Firebug (Gnoll Fire Elementalist)        Turns: 347, Time: 00:02:53

Health: 1/20       AC:  3    Str:  8 (10) XL:     2   Next: 50%
Magic:  16/16      EV: 14    Int: 15 (17) God:
Gold:   38         SH:  0    Dex: 14 (15) Spells: 7/10 levels left

rFire    . . .     SeeInvis .   a - +0 dagger
rCold    . . .     Gourm    .   (no shield)
rNeg     . . .     Faith    .   B - +0 robe
rPois    .         Spirit   .   (no helmet)
rElec    .         Reflect  .   C - +0 cloak
rCorr    .         Harm     .   (no gloves)
MR       .....                  (no boots)
Stlth    +.........             (no amulet)
HPRegen  0.06/turn              g - ring of magical power
MPRegen  0.15/turn              (no ring)

@: confused, very slightly contaminated
A: distributed training, fangs 1, strong nose
a: no special abilities


You were on level 2 of the Dungeon.
You were not hungry.

You visited 1 branch of the dungeon, and saw 2 of its levels.

You collected 38 gold pieces.

Inventory:

Hand Weapons
 a - a +0 dagger (weapon)
Armour
 B - a +0 robe (worn)
 C - a +0 cloak (worn)
Jewellery
 g - a ring of magical power (left hand)
   (You found it on level 2 of the Dungeon)
Wands
 i - a wand of flame (22)
Scrolls
 f - a scroll of teleportation {unknown}
Books
 b - a book of Flames

   Spells                             Type                      Level
   a - Flame Tongue                   Conjuration/Fire             1
   b - Throw Flame                    Conjuration/Fire             2
   c - Conjure Flame                  Conjuration/Fire             3
   d - Inner Flame                    Hexes/Fire                   3
   e - Sticky Flame                   Conjuration/Fire             4
   f - Fireball                       Conjuration/Fire             5
Comestibles
 c - 2 rations


   Skills:
 + Level 0.4 Fighting
 + Level 0.4 Short Blades
 + Level 0.4 Long Blades
 + Level 0.4 Axes
 + Level 0.4 Maces & Flails
 + Level 0.4 Polearms
 + Level 0.4 Staves
 + Level 0.4 Slings
 + Level 0.4 Bows
 + Level 0.4 Crossbows
 + Level 0.4 Throwing
 + Level 0.4 Armour
 + Level 4.5 Dodging
 + Level 4.1 Stealth
 + Level 0.4 Shields
 + Level 0.4 Unarmed Combat
 + Level 4.9 Spellcasting
 + Level 2.0 Conjurations
 + Level 0.2 Hexes
 + Level 0.2 Charms
 + Level 0.2 Summonings
 + Level 0.2 Necromancy
 + Level 0.2 Translocations
 + Level 0.2 Transmutations
 + Level 5.3 Fire Magic
 + Level 0.2 Ice Magic
 + Level 0.2 Air Magic
 + Level 0.2 Earth Magic
 + Level 0.2 Poison Magic
 + Level 0.5 Invocations
 + Level 0.4 Evocations


You had 7 spell levels left.
You knew the following spells:

 Your Spells              Type           Power        Failure   Level  Hunger
a - Flame Tongue          Conj/Fire      ##...        3%          1    None
j - Throw Flame           Conj/Fire      ##....       5%          2    ##.....


Dungeon Overview and Level Annotations

Branches:
Dungeon (2/15)

Altars:

Annotations:
D:2 Sigmund


Innate Abilities, Weirdness & Mutations

Your experience applies equally to all skills.
You have very sharp teeth.
Your uncanny sense of smell can sniff out nearby items.


Message History

A ball python comes into view.
Sigmund the Dreaded comes into view.
He is wielding a scythe of venom.
Firing (i - inventory): No suitable missiles.
Press: ? - help, Shift-Dir - straight line, f - worm
Aim: a worm (resting)
Okay, then.
Unknown command.
Casting: Flame Tongue
Confirm with . or Enter, or press ? or * to list all spells.
Aiming: Throw Flame
Press: ? - help, Shift-Dir - straight line, f/p - worm
Aim: a worm (resting)
The puff of flame hits the worm.
The worm is moderately wounded.
Casting: Throw Flame
Confirm with . or Enter, or press ? or * to list all spells.
Aiming: Flame Tongue
Press: ? - help, Shift-Dir - straight line, f/p - worm
Aim: a worm (lightly wounded)
The flame tongue hits the worm.
The worm is severely wounded.
Casting: Flame Tongue
Confirm with . or Enter, or press ? or * to list all spells.
Aiming: Flame Tongue
Press: ? - help, Shift-Dir - straight line, f/p - worm
Aim: a worm (severely wounded)
The flame tongue hits the worm.
The worm is severely wounded.
Casting: Flame Tongue
Confirm with . or Enter, or press ? or * to list all spells.
Aiming: Flame Tongue
Press: ? - help, Shift-Dir - straight line, f/p - worm
Aim: a worm (severely wounded)
The flame tongue hits the worm.
You kill the worm!
Okay, then.
Okay, then.
Things that are here:
a whip; a kobold corpse You see here a bat corpse.
Found 15 bolts and a lead wand.
You see here a wand of flame (22).
i - a wand of flame (22)
The ball python hisses angrily.
You open the door.
Casting: Flame Tongue
Confirm with . or Enter, or press ? or * to list all spells.
Aiming: Flame Tongue
Press: ? - help, Shift-Dir - straight line, f - ball python
Aim: a ball python The flame tongue hits the ball python.
You kill the ball python!
You see here a ball python corpse.
Okay, then.
Sigmund gestures at you while chanting. You resist with significant effort.
Casting: Flame Tongue
Confirm with . or Enter, or press ? or * to list all spells.
Aiming: Flame Tongue
Press: ? - help, Shift-Dir - straight line, f - Sigmund
Aim: Sigmund, wielding a scythe of venom and wearing a robe The flame tongue misses Sigmund.
Casting: Flame Tongue
Confirm with . or Enter, or press ? or * to list all spells.
Aiming: Flame Tongue
Press: ? - help, Shift-Dir - straight line, f/p - Sigmund
Aim: Sigmund, wielding a scythe of venom and wearing a robe The flame tongue hits Sigmund.
Sigmund appears unharmed.
Sigmund zaps a wand.
The puff of flame hits you!
It is a wand of flame (17).
Okay, then.
As you read the scroll labeled CIYCSA MEMM, it crumbles to dust.
It is a scroll of amnesia.
Okay, then.
Unknown command.
It was a potion of degeneration.
There was something very wrong with that liquid.
You feel weakened.
You feel dopey.
You feel clumsy. Sigmund casts a spell at you. The magic dart hits you!
* * * LOW HITPOINT WARNING * * *
Blink to where?
Press: ? - help, Dir - move target cursor, p - Sigmund You are very lightly contaminated with residual magic.
As you read the scroll labeled RONASI UKICZIDWESCH, it crumbles to dust.
It was a scroll of blinking.
You open the door. Sigmund gestures at you while chanting.
The magic dart hits you!
* * * LOW HITPOINT WARNING * * *
There is an open door here.
A frilled lizard comes into view.
The frilled lizard closely misses you.
You hit the frilled lizard.
You kill the frilled lizard!
Sigmund points at you and mumbles some strange words.
You are confused.
You see here a frilled lizard corpse.
You aren't carrying any potions.
Unknown command.
Are you sure you want to abandon this character and quit the game? (Confirm with "yes".)

#....#.......#.#
#.@..#######.#.#
#'#......@.#.#.#
#.#.######.#.#.#
#.#.#...@..#.#.#
#.#.#....###.#.#
#.#.#........#.#
#.#.####.....#.#
#@#..
+.w...#.### #.#
#.....#.... #.#
.......##### #.#
........#
#.#.........##
∆#.#.#########
#.# #..


You could see Sigmund.

Vanquished Creatures
  A worm (D:2)
  A dart slug (D:2)
  2 hobgoblins
  2 ball pythons
  3 bats
  A frilled lizard (D:2)
  2 kobolds
12 creatures vanquished.

Notes
Turn   | Place    | Note
-------+----------+-------------------------------------------
     0 | D:1      | tidbits the Gnoll Fire Elementalist began the quest for the Orb.
     0 | D:1      | Reached XP level 1. HP: 13/13 MP: 6/6
   116 | D:1      | Reached skill level 2 in Conjurations
   168 | D:2      | Reached XP level 2. HP: 19/19 MP: 7/7
   172 | D:2      | Learned a level 2 spell: Throw Flame
   233 | D:2      | Noticed Sigmund
   338 | D:2      | HP: 1/20 [Sigmund/magic dart (6)]
   347 | D:2      | Quit the game

Skill      XL: |  1 |
---------------+----+-----
Conjurations   | 2 |  2.0
Fighting       | |  0.4
Short Blades   | |  0.4
Long Blades    | |  0.4
Axes           | |  0.4
Maces & Flails | |  0.4
Polearms       | |  0.4
Staves         | |  0.4
Slings         | |  0.4
Bows           | |  0.4
Crossbows      | |  0.4
Throwing       | |  0.4
Armour         | |  0.4
Dodging        | |  4.5
Stealth        | |  4.1
Shields        | |  0.4
Unarmed Combat | |  0.4
Spellcasting   | |  4.9
Hexes          | |  0.2
Charms         | |  0.2
Summonings     | |  0.2
Necromancy     | |  0.2
Translocations | |  0.2
Transmutations | |  0.2
Fire Magic     | |  5.3
Ice Magic      | |  0.2
Air Magic      | |  0.2
Earth Magic    | |  0.2
Poison Magic   | |  0.2
Invocations    | |  0.5
Evocations     | |  0.4

Action                   || total
-------------------------++-------
Melee: Dagger            ||     3
 Cast: Flame Tongue      ||    16
       Throw Flame       ||     1
  Use: Scroll            ||     2
       Potion            ||     1
 Stab: Sleeping          ||     1
Armor: Robe              ||     2
Dodge: Dodged            ||     4

Table legend:
 A = Turns spent in this place as a percentage of turns spent in the entire game.
 B = Non-inter-level travel turns spent in this place as a percentage of non-inter-level travel turns spent in the entire game.
 C = Inter-level travel turns spent in this place as a percentage of turns spent in this place.
 D = Turns resting spent in this place as a percentage of non-inter-level travel turns spent in this place.
 E = Turns spent auto-exploring this place as a percentage of non-inter-level travel turns spent in this place.
 F = Non-inter-level travel turns spent in this place divided by the number of levels of this place that you've seen.
                   A       B       C       D       E      F
               +-------+-------+-------+-------+-------+----------------------
         Total | 100.0 | 100.0 |  14.7 |   0.0 |   0.0 | 148.0
       Dungeon | 100.0 | 100.0 |  14.7 |   0.0 |   0.0 | 148.0
               +-------+-------+-------+-------+-------+----------------------

Table legend:
 A = Kills in this place as a percentage of kills in entire the game.
 B = Kills by you in this place as a percentage of kills by you in the entire game.
 C = Kills by friends in this place as a percentage of kills by friends in the entire game.
 D = Other kills in this place as a percentage of other kills in the entire game.
 E = Experience gained in this place as a percentage of experience gained in the entire game.
 F = Experience gained in this place divided by the number of levels of this place that you have seen.
                   A       B       C       D       E      F
               +-------+-------+-------+-------+-------+----------------------
         Total | 100.0 | 100.0 |   N/A |   N/A | 100.0 |  11.0
       Dungeon | 100.0 | 100.0 |   N/A |   N/A | 100.0 |  11.0
               +-------+-------+-------+-------+-------+----------------------

Vault maps used:
D:1:      minmay_arrival_plants_in_alcoves
D:2:      minmay_wonky_spiral, nemelex_altar_shiori, bloody_trog, uniq_sigmund,
          uniq_crazy_yiuf_cottage, uniq_terence
